Map: Prion Terraces

Players

다이아갱플 - Winner!

  • Race: Zerg Zerg
  • League: Diamond

ILLBdA

  • Race: Protoss Protoss
  • League: Diamond

VOD

Have the link to the VOD?

Description

Time

  • Played on: Dec. 14, 2015, 7:59 a.m.
  • Length: 5:45
Show
View Real Time Build Order
Export as new Build Order

다이아갱플 Zerg - Winner!

Build Orders: Pool First 

Get SALT Encoding   

  12  0:18  Spawning Pool  
  11  0:22  Drone  
  11  0:26  Drone  
  13  0:31  Drone  
  14  0:41  Overlord  
  14  1:04  Zergling x4  
  14  1:05  Queen, Zergling x2  
  19  1:16  Zergling x2  
  20  1:30  Zergling x2  
  21  1:34  Hatchery  
  20  1:44  Queen  
  22  1:51  Overlord  
  22  2:14  Drone  
  22  2:15  Drone x5  
  27  2:39  Hatchery  
  27  2:43  Extractor  
  25  2:48  Drone  
  26  2:58  Drone x2  
  28  3:05  Queen  
  28  3:09  Drone  
  28  3:10  Drone  
  32  3:16  Overlord  
  32  3:21  Drone x2  
  32  3:23  Drone  
  35  3:29  Overlord  
  35  3:37  Drone  
  35  3:38  Drone x2  
  38  3:45  Drone  
  38  3:46  Drone, Overlord  
  40  3:50  Metabolic Boost  
  40  3:53  Drone  
  41  3:59  Drone x3  
  44  4:07  Roach Warren  
  44  4:09  Queen  
  45  4:14  Zergling x2  
  45  4:15  Zergling x8  
  50  4:19  Spore Crawler  
  50  4:21  Spore Crawler  
  50  4:24  Spore Crawler  
  47  4:27  Drone x3  
  47  4:30  Extractor  
  49  4:40  Overlord, Zergling x4  
  51  4:46  Drone x6  
  51  4:49  Drone x2  
  51  4:50  Overlord  
  59  4:57  Pneumatized Carapace  
  59  5:03  Roach  
  59  5:04  Roach x2  
  65  5:08  Spine Crawler  
  65  5:10  Roach  
  65  5:11  Roach  
  67  5:17  Roach  
  68  5:22  Drone  
  68  5:23  Drone x5  
  68  5:24  Roach  
  76  5:33  Extractor  
Show
View Real Time Build Order
Export as new Build Order

ILLBdA Protoss 

Build Orders:  

Get SALT Encoding   

  12  0:03  Probe (Chrono Boost)  
  13  0:13  Probe (Chrono Boost)  
  14  0:20  Pylon  
  14  0:24  Probe (Chrono Boost)  
  15  0:38  Probe (Chrono Boost)  
  15  0:41  Forge  
  16  0:49  Probe (Chrono Boost)  
  17  1:07  Probe (Chrono Boost)  
  18  1:17  Pylon  
  18  1:19  Pylon  
  18  1:20  Pylon  
  18  1:37  Gateway  
  18  1:38  Photon Cannon  
  18  1:39  Probe (Chrono Boost)  
  18  1:40  Pylon  
  18  1:49  Probe (Chrono Boost)  
  18  1:52  Assimilator  
  19  1:56  Assimilator  
  19  2:00  Probe (Chrono Boost)  
  19  2:25  Cybernetics Core  
  19  2:27  Probe (Chrono Boost)  
  19  2:28  Pylon  
  20  2:38  Probe (Chrono Boost)  
  21  2:48  Probe (Chrono Boost)  
  22  2:59  Probe (Chrono Boost)  
  22  3:01  Stalker (Chrono Boost)  
  22  3:03  Warp Gate  
  25  3:11  Mothership Core  
  27  3:19  Robotics Facility  
  27  3:28  Adept (Chrono Boost)  
  29  3:45  Gateway  
  29  3:47  Gateway  
  29  3:49  Gateway  
  29  3:51  Adept (Chrono Boost)  
  31  3:59  Pylon  
  31  4:06  Warp Prism  
  33  4:12  Gateway  
  33  4:18  Sentry (Chrono Boost)  
  35  5:07  Adept x5  
  41  5:38  Zealot x2  
  41  5:39  Zealot  
  41  5:41  Zealot  
Tags
 
Matchup
PvZ
Opening
Pool First
Replay Pack
me
Add a new tag
Caveats
  • Supply blocks, unpowered buildings, or Contaminate may cause inaccurate times.
  • Supply counts are checked every 10 seconds.